 Dungeon Sprint DCSS version 0.30-a0-830-gfe289a77b0 (webtiles) character file.

Game seed: 2481139765511510879

4869 retardedninja the Tortoise (level 10, -2/101 HPs)
             Began as a Minotaur Fighter on Feb 28, 2023.
             Was an Initiate of Gozag.
             Slain by an 11-headed hydra (9 damage)
             ... in the Dungeon (Sprint IX: "|||||||||||||||||||||||||||||").
             The game lasted 00:02:26 (1212 turns).

retardedninja the Tortoise (Minotaur Fighter)       Turns: 1212, Time: 00:02:27

Health: -2/101     AC: 22    Str: 25    XL:     10   Next: 26%
Magic:  9/9        EV:  9    Int:  8    God:    Gozag
Gold:   1197       SH:  7    Dex: 13    Spells: 9/9 levels left

rFire   . . .      SeeInvis .    m - +3 war axe (heavy)
rCold   . . .      Faith    .    c - +0 buckler
rNeg    . . .      Spirit   .    q - +1 chain mail
rPois   .          Reflect  .    (helmet restricted)
rElec   .          Harm     .    (no cloak)
rCorr   .          Rampage  .    n - +2 pair of gloves
Will    .....      NoTele   +    a - +2 pair of boots Stlth
                                 (no amulet)
HPRegen 0.36/turn                o - +3 ring of dexterity
MPRegen 0.11/turn                p - +3 ring of intelligence

@: gold aura, hasted, very quick
A: horns 2, retaliatory headbutt
a: Renounce Religion, Potion Petition, Call Merchant, Bribe Branch


You were in the Dungeon.
You worshipped Gozag.
Gozag was most pleased with you.
You visited 1 branch You collected 1197 gold pieces.

Inventory:

Hand Weapons
 m - a +3 heavy war axe (weapon)
Armour
 a - a +2 pair of boots (worn)
 c - a +0 buckler (worn)
 n - a +2 pair of gloves (worn)
 q - a +1 chain mail (worn)
Jewellery
 o - a +3 ring of dexterity (left hand)
 p - a +3 ring of intelligence (right hand)
Scrolls
 g - a scroll of magic mapping
 i - 2 scrolls of fog
 j - a scroll of blinking
 k - 3 scrolls of amnesia
 s - a scroll of fear
Potions
 b - 2 potions of heal wounds
 d - a potion of haste
 e - 2 potions of curing
 h - 4 potions of magic


   Skills:
 + Level 13.2 Fighting
 + Level 14.6 Axes
 + Level 15.5 Armour
 + Level 1.0 Dodging
 + Level 6.8 Stealth
 + Level 12.7 Shields
 + Level 3.6 Evocations


You had 9 spell levels left.
You didn't know any spells.
Your spell library was empty.

Dungeon Overview and Level Annotations

Branches:
Dungeon (1/1)

Altars:
Cheibriados
Dithmenos
Elyvilon
Fedhas
Gozag
Hepliaklqana
Kikubaaqudgha
Makhleb
Nemelex Xobeh
Okawaru
Qazlal
Ru
Sif Muna
Trog
Uskayaw
Vehumet
Wu Jian
Xom
Yredelemnul
Zin
The Shining One
Jiyva
Lugonu


Innate Abilities, Weirdness & Mutations

You have a pair of horns on your head.
You reflexively headbutt those who attack you in melee.


Message History

The nine-headed hydra completely misses you.
The nine-headed hydra bites you but does no damage.
The nine-headed hydra barely misses you.
The nine-headed hydra bites you but does no damage.
You block the nine-headed hydra's attack.
The nine-headed hydra barely misses you.
You slice one of the nine-headed hydra's heads off!
The eight-headed hydra grows two more!
You slash the ten-headed hydra!
The ten-headed hydra is severely wounded.
The water moccasin is no longer distracted by gold.
The ten-headed hydra bites you.
The ten-headed hydra closely misses you.
You block the ten-headed hydra's attack.
The ten-headed hydra barely misses you.
The ten-headed hydra bites you but does no damage.
The ten-headed hydra bites you. The ten-headed hydra barely misses you.
The ten-headed hydra bites you but does no damage.
The ten-headed hydra bites you.
* * * LOW HITPOINT WARNING * * *
You block the ten-headed hydra's attack.
The water moccasin is distracted by your dazzling golden aura.
The water moccasin hisses angrily.
You lop one of the ten-headed hydra's heads off!
The nine-headed hydra grows two more!
You slice the 11-headed hydra!! You headbutt the 11-headed hydra.
The 11-headed hydra is almost dead.
The 11-headed hydra closely misses you. You furiously retaliate!
You headbutt the 11-headed hydra. The 11-headed hydra bites you.
* * * LOW HITPOINT WARNING * * *
The 11-headed hydra barely misses you. The 11-headed hydra misses you.
The 11-headed hydra bites you but does no damage.
The 11-headed hydra bites you.
* * * LOW HITPOINT WARNING * * *
You block the 11-headed hydra's attack.
The 11-headed hydra bites you but does no damage.
The 11-headed hydra bites you!
* * * LOW HITPOINT WARNING * * *
The 11-headed hydra bites you!
You die...
Your body crumbles into a pile of gold.

▓▓▓▓▓▓▓▓▓▓▓▓▓▓▓▓▓▓▓▓▓▓▓▓▓▓▓▓▓▓▓▓▓
...†.....).....'_________________
▓▓▓▓▓▓▓▓▓▓▓▓▓▓▓▓▓▓▓▓▓▓▓▓▓▓▓▓▓▓▓▓▓
.................................
▓▓▓▓▓▓▓▓▓▓▓▓▓▓▓▓▓▓▓▓▓▓▓▓▓▓▓▓▓▓▓▓▓
......'.........@DSSSSF...F
▓▓▓▓▓▓▓▓▓▓▓▓▓▓▓▓▓▓▓▓▓▓▓▓▓▓▓


$$$$$$$$$$$$$ $$$$$$ You could see a 11-headed hydra, a black mamba, 3 water
moccasins and a bullfrog.

Vanquished Creatures
  A centaur warrior (D)
  2 two-headed ogres (D)
  2 boulder beetles (D)
  A tengu warrior (D)
  A komodo dragon (D)
  2 trolls (D)
  2 hornets (D)
  A yak (D)
  An ice beast (D)
  A howler monkey (D)
  An orc wizard (D)
  An adder (D)
  An ufetubus (D)
  2 orcs (D)
  2 endoplasms (D)
  2 hobgoblins (D)
  A rat (D)
24 creatures vanquished.

Notes
Turn   | Place    | Note
-------+----------+-------------------------------------------
     0 | D        | retardedninja the Minotaur Fighter began the quest for the
                  | Orb.
     0 | D        | Reached XP level 1. HP: 19/19 MP: 0/0
     6 | D        | Reached skill level 4 in Armour
   165 | D        | Noticed an ice beast
   167 | D        | Reached XP level 2. HP: 28/28 MP: 1/1
   177 | D        | Killed an ice beast
   178 | D        | Reached skill level 7 in Armour
   178 | D        | Reached XP level 3. HP: 29/38 MP: 2/2
   178 | D        | Reached XP level 4. HP: 34/45 MP: 3/3
   180 | D        | Reached skill level 5 in Axes
   236 | D        | Found a snail-covered altar of Cheibriados.
   236 | D        | Found a shadowy altar of Dithmenos.
   236 | D        | Found a white marble altar of Elyvilon.
   236 | D        | Found a blossoming altar of Fedhas.
   236 | D        | Found an opulent altar of Gozag.
   237 | D        | Found a hazy altar of Hepliaklqana.
   238 | D        | Found a viscous altar of Jiyva.
   239 | D        | Found an ancient bone altar of Kikubaaqudgha.
   240 | D        | Found a corrupted altar of Lugonu.
   241 | D        | Found a burning altar of Makhleb.
   242 | D        | Found a sparkling altar of Nemelex Xobeh.
   243 | D        | Found an iron altar of Okawaru.
   244 | D        | Found a stormy altar of Qazlal.
   246 | D        | Became a worshipper of Gozag Ym Sagoz the Greedy
   248 | D        | Found a sacrificial altar of Ru.
   249 | D        | Found a shimmering blue altar of Sif Muna.
   250 | D        | Found a bloodstained altar of Trog.
   251 | D        | Found a hide-covered altar of Uskayaw.
   252 | D        | Found a radiant altar of Vehumet.
   253 | D        | Found an ornate altar of the Wu Jian Council.
   254 | D        | Found a shimmering altar of Xom.
   255 | D        | Found a basalt altar of Yredelemnul.
   256 | D        | Found a glowing silver altar of Zin.
   257 | D        | Found a glowing golden altar of the Shining One.
   316 | D        | Noticed a two-headed ogre
   316 | D        | Noticed a hornet
   316 | D        | Noticed a two-headed ogre
   316 | D        | Noticed a hornet
   316 | D        | Noticed a troll
   322 | D        | Killed a two-headed ogre
   323 | D        | Reached skill level 10 in Fighting
   323 | D        | Reached skill level 11 in Armour
   323 | D        | Reached skill level 1 in Stealth
   323 | D        | Reached skill level 10 in Shields
   323 | D        | Reached XP level 5. HP: 58/58 MP: 4/4
   323 | D        | Reached XP level 6. HP: 66/66 MP: 5/5
   323 | D        | Reached XP level 7. HP: 72/72 MP: 6/6
   326 | D        | Paralysed by a hornet for 1 turns
   328 | D        | Killed a hornet
   329 | D        | Reached skill level 12 in Armour
   332 | D        | Killed a two-headed ogre
   333 | D        | Reached skill level 10 in Axes
   333 | D        | Reached skill level 13 in Armour
   333 | D        | Reached XP level 8. HP: 42/82 MP: 7/7
   337 | D        | Killed a hornet
   339 | D        | Killed a troll
   621 | D        | Noticed a troll
   621 | D        | Noticed a tengu warrior
   621 | D        | Noticed a boulder beetle
   621 | D        | Noticed a boulder beetle
   621 | D        | Noticed a centaur warrior
   625 | D        | Killed a troll
   626 | D        | Reached XP level 9. HP: 58/90 MP: 8/8
   629 | D        | Killed a tengu warrior
   630 | D        | Reached skill level 14 in Armour
   630 | D        | Reached skill level 5 in Stealth
   630 | D        | Reached skill level 1 in Evocations
   631 | D        | Killed a centaur warrior
   649 | D        | Killed a boulder beetle
   650 | D        | Reached skill level 15 in Armour
   650 | D        | Reached XP level 10. HP: 28/100 MP: 9/9
   665 | D        | Killed a boulder beetle
   666 | D        | Reached skill level 1 in Dodging
  1187 | D        | Noticed a black mamba
  1188 | D        | Noticed a six-headed hydra
  1212 | D        | Slain by an 11-headed hydra

Illustrated notes

Levels and vault maps discovered:
D:        linesprint [early_d, line_temple, items_1, d_10, items_2, lair_1,
          lair_end, items_3, orc_1, orc_end, items_4, d_15, swamp_1, shoals_1,
          snake_1, spider_1, d_20, vaults_1, items_5, swamp_end, shoals_end,
          snake_end, spider_end, vaults_end, d_27, items_6, zot_1, zot_end,
          crypt_end, forest_end, elf_end, slime_end, tomb_end, abyss_end,
          pan_hell_end]

Skill      XL: |  1  2  3  4  5  6  7  8  9 10 |
---------------+-------------------------------+-----
Fighting       | 4 6 10 11 12 13 | 13.2
Armour         | 4 7 11 13 15 | 15.5
Shields        | 4 6 10 11 12 | 12.7
Axes           | 4 8 10 12 13 14 | 14.6
Stealth        | 1 3 4 6 |  6.8
Evocations     | 2 3 |  3.6
Dodging        | 1 |  1.0

Action                     |  1- 3 |  4- 6 |  7- 9 | 10-12 || total
---------------------------+-------+-------+-------+-------++-------
  Melee: War axe           |    17 |     4 |    23 |    20 ||    64
         Headbutt          |     2 |       |     6 |     7 ||    15
  Evoke: Wand              |       |       |     9 |     1 ||    10
    Use: Potion            |     2 |     4 |     5 |     4 ||    15
         Scroll            |       |       |       |     5 ||     5
   Stab: Invisible         |       |     1 |     4 |       ||     5
 Armour: Scale mail        |     7 |     1 |       |       ||     8
         Chain mail        |       |       |    16 |    27 ||    43
  Dodge: Dodged            |     4 |     4 |    16 |    16 ||    40
  Block: Buckler           |     1 |     3 |    12 |     9 ||    25

Table legend: (Time is in decaauts)
 A = Elapsed time spent in this place.
 B = Non-inter-level travel time spent in this place.
 C = Inter-level travel time spent in this place.
 D = Time resting spent in this place.
 E = Time spent auto-exploring this place.
 F = Levels seen in this place.
 G = Mean time per level.
                   A        B        C        D        E       F      G
               +--------+--------+--------+--------+--------+-----+--------+
         Total |   1224 |   1224 |      0 |    859 |      0 |   1 | 1224.0 |
       Dungeon |   1224 |   1224 |      0 |    859 |      0 |   1 | 1224.0 |
               +--------+--------+--------+--------+--------+-----+--------+

Top non-repeatable levels by time:
       D: 1224 daAuts
